 Dungeon Crawl Stone Soup version 0.19.0-22-gd96e5fe (webtiles) character file.

1869 KristoblXynda the Covert (level 9, -2/73 HPs)
             Began as a Naga Hunter on Nov 18, 2016.
             Killed from afar by an electric eel (11 damage)
             ... with a bolt of electricity
             ... on level 7 of the Dungeon.
             The game lasted 00:19:37 (7752 turns).

KristoblXynda the Covert (Naga Hunter)              Turns: 7752, Time: 00:19:37

Health: -2/73      AC: 14    Str: 19    XL:     9   Next: 13%
Magic:  0/9        EV: 10    Int: 14    God:
Gold:   274        SH:  0    Dex: 14    Spells: 0 memorised, 8 levels left

rFire  . . .     SeeInvis +     c - +5 trident
rCold  . . .     Gourm    .     s - +5 ring mail "Loxon" {Str+4}
rNeg   . . .     Faith    .     (no shield)
rPois  +         Spirit   +     (no helmet)
rElec  .         Reflect  .     n - +0 cloak
rCorr  +         Harm     .     k - +1 pair of gloves (curse)
MR     +....                    (no barding)
Stlth  ++++......               b - amulet of guardian spirit
                                d - +2 ring of dexterity
                                i - ring of resist corrosion

@: very slow
A: see invisible, deformed body, poison resistance, slowness 2, slow metabolism
1, spit poison 1, AC +3
a: Spit Poison


You were on level 7 of the Dungeon.
You were not hungry.

You visited 1 branch of the dungeon, and saw 7 of its levels.

You collected 274 gold pieces.

Inventory:

Hand Weapons
 c - a +5 trident (weapon)
 p - a +0 scythe
 r - a +2 vampiric spear
Missiles
 a - 5 javelins (quivered)
 w - 5 javelins of returning
Armour
 k - a cursed +1 pair of gloves (worn)
 n - a +0 cloak (worn)
 s - the +5 ring mail "Loxon" (worn) {Str+4}
   (You found it on level 5 of the Dungeon)

   It affects your strength (+4).
Jewellery
 b - an amulet of guardian spirit (around neck)
 d - a +2 ring of dexterity (right hand)
 i - a ring of resist corrosion (left hand)
Scrolls
 e - 5 scrolls of identify
 g - a scroll of magic mapping
 j - a scroll of remove curse
 v - a scroll of fog
Potions
 m - a potion of resistance
 q - a potion of agility
 t - a potion of lignification
Comestibles
 f - 3 bread rations
 h - 19 fruits
 o - 5 meat rations


   Skills:
 - Level 2.0 Fighting
 + Level 5.9 Polearms
 - Level 6.3 Throwing
 + Level 2.1 Armour
 - Level 3.5 Dodging
 + Level 10.0 Stealth


You had 8 spell levels left.
You didn't know any spells.

Dungeon Overview and Level Annotations

Branches:
Dungeon (7/15)             Temple (0/1) D:6

Altars:
Sif Muna
Zin


Innate Abilities, Weirdness & Mutations

You cannot wear boots.
Your serpentine skin is tough. (AC +3)
You have supernaturally acute eyesight. (SInv)
Armour fits poorly on your strangely shaped body.
Your system is resistant to poisons. (rPois)
You cover ground very slowly.
You have a slow metabolism.
You can spit poison.


Message History

The bolt of electricity hits you! x2
Attack whom?
Press: ? - help, Dir - move target cursor, f/p - electric eel
Aim: an electric eel (water, severely wounded)
You reach to attack!
You puncture the electric eel!
You kill the electric eel!
Your Stealth skill increases to level 10!
The electric eel shoots out a bolt of lightning at you!
The bolt of electricity hits the electric eel.
The electric eel completely resists.
The bolt of electricity hits you!
* * * LOW HITPOINT WARNING * * *
The electric eel shoots out a bolt of lightning at you!
The bolt of electricity hits you!
* * * LOW HITPOINT WARNING * * *
The electric eel shoots out a bolt of lightning at you!
The bolt of electricity hits you!
* * * LOW HITPOINT WARNING * * *
The electric eel shoots out a bolt of lightning at you!
The bolt of electricity hits you!
You die...

≈$≈ ♣≈≈≈♣
♣≈.##.c ≈≈≈
♣≈.≈♣♣♣≈≈##c?
≈≈.;;≈≈≈≈# ..
≈.≈≈...... #.#
≈≈≈≈.##..
♣≈...##.
♣≈.#.##.##
≈≈♣♣♣≈≈)..#..#
≈≈≈≈≈≈..#@##.#
.....≈.##..#.##
≈≈≈≈≈≈≈ ##.#..#
≈≈♣♣♣≈≈ #..#.#
≈ ♣≈. ##.#.#
♣≈. #...# ≈≈.
##.[# ≈≈. ..#
..#


You could see an electric eel.

Vanquished Creatures
  Sigmund (D:3)
  Duvessa (D:4)
  An ogre (D:6)
  A sky beast (D:3)
  A centaur (D:7)
  The ghost of Frank the Cudgeler, an amateur GrGl (D:3)
  3 bullfrogs
  Dowan (D:4)
  2 scorpions
  3 electric eels (D:7)
  A crimson imp (D:5)
  A jelly (D:6)
  2 bullfrog skeletons (D:5)
  A hound (D:4)
  7 orc wizards
  Terence (D:2)
  2 iguanas
  Natasha (thrice) (D:3 D:5)
  Ijyb (D:3)
  2 worker ants
  A hound skeleton (D:5)
  7 adders
  3 oozes
  3 worms (D:2)
  4 dart slugs
  8 leopard geckos
  25 orcs
  A ball python (D:6)
  6 giant cockroaches
  7 goblins
  11 hobgoblins
  12 jackals
  12 kobolds
  A quokka (D:5)
  7 bats
  9 frilled lizards
  A giant cockroach zombie (D:5)
  A jackal zombie (D:5)
  A leopard gecko skeleton (D:4)
  11 rats
167 creatures vanquished.

Vanquished Creatures (others)
  An orc (D:7)
  5 toadstools (D:1)
6 creatures vanquished.

Grand Total: 173 creatures vanquished

Notes
Turn   | Place    | Note
-------+----------+-------------------------------------------
     0 | D:1      | KristoblXynda the Naga Hunter began the quest for the Orb.
     0 | D:1      | Reached XP level 1. HP: 19/19 MP: 1/1
    63 | D:1      | Reached XP level 2. HP: 26/26 MP: 2/2
    97 | D:1      | Reached skill level 2 in Stealth
   690 | D:1      | Reached XP level 3. HP: 23/32 MP: 3/3
  1733 | D:2      | Found a deep blue altar of Sif Muna.
  1757 | D:2      | Reached skill level 3 in Stealth
  2011 | D:2      | Noticed Terence
  2021 | D:2      | Killed Terence
  2021 | D:2      | Reached XP level 4. HP: 37/39 MP: 4/4
  2485 | D:3      | Noticed Sigmund
  2548 | D:3      | Reached skill level 1 in Polearms
  2548 | D:3      | Reached skill level 4 in Stealth
  2548 | D:3      | Reached XP level 5. HP: 43/45 MP: 5/5
  2600 | D:3      | Noticed Natasha
  2601 | D:3      | Killed Natasha
  2846 | D:3      | Noticed Frank's ghost (amateur GrGl)
  2856 | D:3      | Killed Frank's ghost
  2856 | D:3      | Reached XP level 6. HP: 16/52 MP: 3/6
  3052 | D:3      | Found a glowing silver altar of Zin.
  3389 | D:3      | Noticed Ijyb
  3419 | D:3      | Killed Sigmund
  3419 | D:3      | Reached skill level 5 in Throwing
  3419 | D:3      | Reached skill level 5 in Stealth
  3436 | D:3      | Killed Ijyb
  3436 | D:3      | Reached XP level 7. HP: 36/60 MP: 4/7
  4173 | D:4      | Reached skill level 6 in Stealth
  4777 | D:4      | Reached skill level 7 in Stealth
  5121 | D:4      | Noticed Duvessa
  5129 | D:4      | Noticed Dowan
  5129 | D:4      | Killed Duvessa
  5129 | D:4      | Reached XP level 8. HP: 67/67 MP: 8/8
  5154 | D:4      | Killed Dowan
  6019 | D:4      | Reached skill level 8 in Stealth
  6038 | D:5      | Entered Level 5 of the Dungeon
  6067 | D:5      | Noticed Natasha
  6076 | D:5      | Killed Natasha
  6349 | D:5      | Noticed Natasha
  6355 | D:5      | Killed Natasha
  6515 | D:5      | Got a brightly glowing ring mail
  6527 | D:5      | Identified the +5 ring mail "Loxon" {Str+4} (You found it on level 5 of the Dungeon)
  6722 | D:6      | Found a staircase to the Ecumenical Temple.
  6785 | D:6      | Reached skill level 5 in Polearms
  6785 | D:6      | Reached skill level 9 in Stealth
  6851 | D:6      | Reached skill level 1 in Armour
  7126 | D:6      | Reached XP level 9. HP: 69/73 MP: 9/9
  7750 | D:7      | Reached skill level 10 in Stealth
  7752 | D:7      | Killed from afar by an electric eel

Skill      XL: |  1  2  3  4  5  6  7  8  9 |
---------------+----------------------------+-----
Stealth        | 2 3 4 5 7 9 10 | 10.0
Dodging        | 2 3 |  3.5
Throwing       | 4 5 6 |  6.3
Polearms       | 1 2 4 5 |  5.9
Armour         | 1 2 |  2.1
Fighting       | |  2.0

Action                   |  1- 3 |  4- 6 |  7- 9 || total
-------------------------+-------+-------+-------++-------
Melee: Short sword       |    55 |       |       ||    55
       Trident           |    50 |   157 |   271 ||   478
       Scythe            |       |       |    21 ||    21
Throw: Javelin           |     1 |    15 |    28 ||    44
       Throwing net      |       |     1 |     1 ||     2
 Abil: Spit Poison       |    26 |    11 |    32 ||    69
  Use: Scroll            |     1 |     4 |    12 ||    17
       Potion            |       |     1 |     3 ||     4
 Stab: Sleeping          |     2 |     2 |    10 ||    14
       Distracted        |       |     2 |       ||     2
  Eat: Chunk             |     2 |     3 |     6 ||    11
       Beef jerky        |     1 |       |       ||     1
       Fruit             |       |     1 |     1 ||     2
       Meat ration       |       |       |     2 ||     2
       Pizza             |       |       |     1 ||     1
Armor: Leather armour    |    18 |       |       ||    18
       Ring mail         |    21 |    64 |    31 ||   116
       Robe              |       |       |   103 ||   103
Dodge: Dodged            |    70 |   100 |   197 ||   367
